 Dungeon Sprint DCSS version 0.28-a0-906-g0406aca7d3 (webtiles) character file.

Game seed: 16360406548561471494

600 tatocazan the Fighter (level 7, -1/72 HPs)
             Began as a Hill Orc Fighter on Nov 23, 2021.
             Was a Believer of Okawaru.
             Slain by a tengu warrior (16 damage)
             ... in the Dungeon (Sprint IX: "|||||||||||||||||||||||||||||").
             The game lasted 00:01:14 (533 turns).

tatocazan the Fighter (Hill Orc Fighter)             Turns: 533, Time: 00:01:15

Health: -1/72      AC:  9    Str: 24    XL:     7   Next: 41%
Magic:  7/7        EV: 10    Int:  8    God:    Okawaru [**....]
Gold:   0          SH:  0    Dex: 13    Spells: 6/6 levels left

rFire   . . .      SeeInvis .   n - +2 halberd (venom)
rCold   . . .      Faith    .   (shield currently unavailable)
rNeg    . . .      Spirit   .   o - +1 scale mail
rPois   .          Reflect  .   (no helmet)
rElec   .          Harm     .   (no cloak)
rCorr   .          Rampage  .   (no gloves)
Will    .....      NoTele   +   (no boots)
Stlth   ..........              (no amulet)
HPRegen 0.22/turn               p - +3 ring of strength
MPRegen 0.10/turn               q - +3 ring of dexterity

@: mighty, on fire, glowing
A: no striking features
a: Renounce Religion, Heroism


You were in the Dungeon.
You worshipped Okawaru.
Okawaru was pleased with you.
You visited 1 branch

Inventory:

Hand Weapons
 a - a +0 trident
 n - a +2 halberd of venom (weapon)
Armour
 b - a +0 scale mail
 c - a +0 buckler
 o - a +1 scale mail (worn)
Jewellery
 p - a +3 ring of strength (left hand)
 q - a +3 ring of dexterity (right hand)
Wands
 m - a wand of iceblast (10)
Scrolls
 j - 2 scrolls of blinking
 l - 2 scrolls of amnesia
Potions
 e - a potion of invisibility
 f - 2 potions of heal wounds
 g - a potion of haste
 h - 4 potions of magic
 k - 3 potions of curing


   Skills:
 + Level 10.0 Fighting
 + Level 8.8 Polearms
 + Level 9.2 Armour
 + Level 9.2 Shields


You had 6 spell levels left.
You didn't know any spells.
Your spell library was empty.

Dungeon Overview and Level Annotations

Branches:
Dungeon (1/1)

Altars:
Cheibriados
Dithmenos
Elyvilon
Fedhas
Gozag
Hepliaklqana
Kikubaaqudgha
Makhleb
Nemelex Xobeh
Okawaru
Qazlal
Ru
Sif Muna
Trog
Uskayaw
Vehumet
Wu Jian
Xom
Yredelemnul
Zin
The Shining One
Beogh
Jiyva
Lugonu


Message History

The tengu warrior claws you but does no damage.
There is an open door here.
You take 8 damage, and have 64/72 hp.
You feel very mighty all of a sudden. The tengu warrior closely misses you.
The tengu warrior misses you. The tengu warrior barely misses you.
You hit the tengu warrior but do no damage.
The deep elf pyromancer gestures wildly while chanting.
The deep elf pyromancer blinks!
The tengu warrior closely misses you. x2
The tengu warrior misses you.
You closely miss the tengu warrior.
The tengu warrior hits you with a +0 great sword!
The tengu warrior pecks you.
The tengu warrior claws you but does no damage.
The deep elf pyromancer hits you with a +0 short sword.
You take 11 damage, and have 54/72 hp.
You miss the tengu warrior.
The tengu warrior hits you with a +0 great sword!!
The tengu warrior pecks you but does no damage.
The tengu warrior claws you.
The deep elf pyromancer hits you but does no damage.
You take 24 damage, and have 30/72 hp.
MASSIVE DAMAGE!!
You slice the tengu warrior!!
The tengu warrior looks as sick as possible!
The tengu warrior is heavily wounded.
The tengu warrior hits you with a +0 great sword.
The tengu warrior pecks you but does no damage.
The tengu warrior claws you but does no damage.
The deep elf pyromancer gestures at you while chanting.
The sticky flame hits you.
You are covered in liquid flames!
* * * LOW HITPOINT WARNING * * *
You take 9 damage, and have 21/72 hp.
You puncture the tengu warrior!
The tengu warrior looks as sick as possible!
The tengu warrior is almost dead.
You are covered in liquid flames!
* * * LOW HITPOINT WARNING * * *
The tengu warrior hits you with a +0 great sword!
You die...

▓+▓
▓.▓
▓c▓
▓J▓
▓B▓
▓O▓
▓Q▓
▓@▓
▓e▓
▓.▓
▓.▓
▓.▓
▓.▓
▓)▓
▓†▓
▓.▓


You could see an entropy weaver, a slime creature, a tengu warrior (extremely
poisoned), a centaur warrior, a two-headed ogre and a deep elf pyromancer.

Vanquished Creatures
  A vampire (D)
  2 yaks (D)
  A kobold brigand (D)
  A killer bee (D)
  A howler monkey (D)
  An adder (D)
  An adder zombie (D)
  A worm (D)
  A dart slug (D)
  A bat (D)
  A bat skeleton (D)
  A bat zombie (D)
  A hobgoblin (D)
  A kobold (D)
  A frilled lizard (D)
16 creatures vanquished.

Notes
Turn   | Place    | Note
-------+----------+-------------------------------------------
     0 | D        | tatocazan the Hill Orc Fighter began the quest for the Orb.
     0 | D        | Reached XP level 1. HP: 19/19 MP: 1/1
     6 | D        | Reached skill level 4 in Fighting
    25 | D        | Reached XP level 2. HP: 23/27 MP: 2/2
   138 | D        | Reached XP level 3. HP: 18/35 MP: 3/3
   145 | D        | Reached skill level 5 in Fighting
   222 | D        | Found a roughly hewn altar of Beogh.
   222 | D        | Found a snail-covered altar of Cheibriados.
   222 | D        | Found a shadowy altar of Dithmenos.
   222 | D        | Found a white marble altar of Elyvilon.
   222 | D        | Found a blossoming altar of Fedhas.
   222 | D        | Found an opulent altar of Gozag.
   223 | D        | Found a hazy altar of Hepliaklqana.
   224 | D        | Found a viscous altar of Jiyva.
   225 | D        | Found an ancient bone altar of Kikubaaqudgha.
   226 | D        | Found a corrupted altar of Lugonu.
   227 | D        | Found a burning altar of Makhleb.
   228 | D        | Found a sparkling altar of Nemelex Xobeh.
   229 | D        | Found an iron altar of Okawaru.
   230 | D        | Found a stormy altar of Qazlal.
   231 | D        | Found a sacrificial altar of Ru.
   232 | D        | Found a shimmering blue altar of Sif Muna.
   233 | D        | Found a bloodstained altar of Trog.
   234 | D        | Found a hide-covered altar of Uskayaw.
   235 | D        | Found a radiant altar of Vehumet.
   236 | D        | Found an ornate altar of the Wu Jian Council.
   237 | D        | Became a worshipper of Warmaster Okawaru
   277 | D        | Found a shimmering altar of Xom.
   278 | D        | Found a basalt altar of Yredelemnul.
   279 | D        | Found a glowing silver altar of Zin.
   280 | D        | Found a glowing golden altar of the Shining One.
   324 | D        | Noticed a vampire
   324 | D        | Noticed a kobold brigand
   324 | D        | Noticed a yak
   324 | D        | Noticed a yak
   324 | D        | Noticed a killer bee
   331 | D        | Killed a killer bee
   332 | D        | Reached skill level 5 in Armour
   332 | D        | Reached skill level 5 in Shields
   332 | D        | Reached XP level 4. HP: 44/44 MP: 4/4
   334 | D        | Killed a yak
   334 | D        | Reached * piety under Okawaru
   335 | D        | Reached skill level 7 in Fighting
   335 | D        | Reached XP level 5. HP: 34/53 MP: 5/5
   336 | D        | Killed a yak
   336 | D        | Reached ** piety under Okawaru
   337 | D        | Reached skill level 8 in Fighting
   337 | D        | Reached XP level 6. HP: 40/62 MP: 6/6
   341 | D        | Reached skill level 9 in Fighting
   342 | D        | Reached XP level 7. HP: 44/70 MP: 7/7
   345 | D        | Killed a vampire
   346 | D        | Reached skill level 10 in Fighting
   526 | D        | Noticed a centaur warrior
   526 | D        | Noticed a slime creature
   526 | D        | Noticed an entropy weaver
   526 | D        | Noticed a deep elf pyromancer
   526 | D        | Noticed a two-headed ogre
   526 | D        | Noticed a tengu warrior
   533 | D        | Slain by a tengu warrior

Illustrated notes

Levels and vault maps discovered:
D:        linesprint [early_d, line_temple, items_1, d_10, items_2, lair_1,
          lair_end, items_3, orc_1, orc_end, items_4, d_15, swamp_1, shoals_1,
          snake_1, spider_1, d_20, vaults_1, items_5, swamp_end, shoals_end,
          snake_end, spider_end, vaults_end, d_27, items_6, zot_1, zot_end,
          crypt_end, forest_end, elf_end, slime_end, tomb_end, abyss_end,
          pan_hell_end]

Skill      XL: |  1  2  3  4  5  6  7 |
---------------+----------------------+-----
Fighting       | 4 5 7 8 9 10 | 10.0
Polearms       | 3 4 6 7 8 |  8.8
Armour         | 4 5 7 8 9 |  9.2
Shields        | 4 5 7 8 9 |  9.2

Action                   |  1- 3 |  4- 6 |  7- 9 || total
-------------------------+-------+-------+-------++-------
Melee: Trident           |    45 |       |       ||    45
       Halberd           |     4 |     9 |     9 ||    22
  Use: Potion            |     4 |       |     1 ||     5
Armor: Scale mail        |    28 |     1 |     7 ||    36
Dodge: Dodged            |    23 |     1 |     7 ||    31
Block: Buckler           |    12 |       |       ||    12

Table legend: (Time is in decaauts)
 A = Elapsed time spent in this place.
 B = Non-inter-level travel time spent in this place.
 C = Inter-level travel time spent in this place.
 D = Time resting spent in this place.
 E = Time spent auto-exploring this place.
 F = Levels seen in this place.
 G = Mean time per level.
                   A        B        C        D        E       F      G
               +--------+--------+--------+--------+--------+-----+--------+
         Total |    550 |    550 |      0 |    386 |      8 |   1 |  550.0 |
       Dungeon |    550 |    550 |      0 |    386 |      8 |   1 |  550.0 |
               +--------+--------+--------+--------+--------+-----+--------+

Top non-repeatable levels by time:
       D: 550 daAuts
